 Dungeon Crawl Stone Soup version 0.30.1-4-g462c640d31 (webtiles) character file.

Game seed: 14839160889499976125

755 Almogavar the Cutter (level 7, -4/79 HPs)
             Began as a Gnoll Wanderer on Sept 18, 2023.
             Was a Follower of Okawaru.
             Slain by a human zombie (6 damage)
             ... in an ossuary.
             The game lasted 00:14:08 (3986 turns).

Almogavar the Cutter (Gnoll Wanderer)               Turns: 3986, Time: 00:14:09

Health: -4/79      AC: 11    Str: 14    XL:     7   Next: 79%
Magic:  31/31      EV: 17    Int: 13    God:    Okawaru [*.....]
Gold:   246        SH:  0    Dex: 17    Spells: 13/14 levels left

rFire   x . .        l - +6 rapier "Quyraen" {pain, rPois Str+3}
rCold   + + +        (no shield)
rNeg    . . .        c - +0 robe
rPois   +            e - +1 helmet
rElec   +            (no cloak)
rCorr   .            (no gloves)
SInv    .            w - +1 pair of boots of the Endless Expanse {rPois rF- rC+++ MP+9}
Will    .....        (no amulet) Stlth
                     f - ring "Nadeq" {rElec rPois MP+9 Str+2 Dex+3}
HPRegen 0.33/turn    s - +4 ring of protection
MPRegen 0.22/turn

%: no passive effects
@: berserking, heroic, very quick
A: fangs 1, strong nose, distributed training
a: Renounce Religion, Heroism


You were in an ossuary.
You worshipped Okawaru.
Okawaru was aware of your devotion.
You visited 2 branches of the dungeon, and saw 6 of its levels.
You also visited: Ossuary.

You collected 246 gold pieces.

Inventory:

Hand Weapons
 a - a +4 short sword
 d - a +1 vampiric dagger
 l - the +6 rapier "Quyraen" (weapon) {pain, rPois Str+3}
   (You found it on level 5 of the Dungeon)

   Str:       It affects your strength (+3).
   rPois:     It protects you from poison.
Missiles
 A - 9 boomerangs
Armour
 c - a +0 robe (worn)
 e - a +1 helmet (worn)
 i - a +0 pair of boots
 o - a +0 ring mail
 t - a +0 leather armour
 w - the +1 pair of boots of the Endless Expanse (worn) {rPois rF- rC+++ MP+9}
   (You found it on level 4 of the Dungeon)

   rF:        It makes you vulnerable to fire.
   rC:        It renders you almost immune to cold.
   rPois:     It protects you from poison.
   MP:        It affects your magic capacity (+9).
 C - a +1 pair of gloves
Magical Staves
 z - a staff of cold
Jewellery
 f - the ring "Nadeq" (left hand) {rElec rPois MP+9 Str+2 Dex+3}
   (You acquired it on level 2 of the Dungeon)

   [ring of magical power]

   Str:       It affects your strength (+2).
   Dex:       It affects your dexterity (+3).
   rElec:     It insulates you from electricity.
   rPois:     It protects you from poison.
   MP:        It affects your magic capacity (+9).
 s - a +4 ring of protection (right hand)
 v - a ring of see invisible
 y - a ring of positive energy
 E - an amulet of magic regeneration
Wands
 x - a wand of paralysis (7)
 D - a wand of quicksilver (5)
Scrolls
 b - a scroll of fear
 h - a scroll of amnesia
 n - a scroll of blinking
 p - a scroll of enchant weapon
 q - a scroll of teleportation
Potions
 k - a potion of mutation {unknown}
 m - a potion of cancellation {unknown}
 r - 4 potions of might {unknown}
 u - 2 potions of attraction {unknown}
 B - a potion of ambrosia {unknown}


   Skills:
 + Level 3.9(8.9) Fighting
 + Level 7.2(12.2) Short Blades
 + Level 2.8(7.8) Long Blades
 + Level 2.8(7.8) Axes
 + Level 2.8(7.8) Maces & Flails
 + Level 2.8(7.8) Polearms
 + Level 2.8(7.8) Staves
 + Level 2.8(7.8) Ranged Weapons
 + Level 2.8(7.8) Throwing
 + Level 2.8(7.8) Armour
 + Level 3.9(8.9) Dodging
 + Level 2.8(7.8) Stealth
 + Level 2.8(7.8) Shields
 + Level 2.8(7.8) Unarmed Combat
 + Level 4.0 Spellcasting
 + Level 5.9 Conjurations
 + Level 2.3 Hexes
 + Level 2.3 Summonings
 + Level 2.3 Necromancy
 + Level 2.3 Translocations
 + Level 2.3 Transmutations
 + Level 2.3 Fire Magic
 + Level 2.3 Ice Magic
 + Level 2.3 Air Magic
 + Level 2.3 Earth Magic
 + Level 2.3 Poison Magic
 + Level 3.1 Invocations
 + Level 3.9 Evocations


You had 13 spell levels left.
You knew the following spells:

 Your Spells              Type           Power      Damage    Failure   Level
a - Foxfire               Conj/Fire      52%        2x1d6     3%          1

Your spell library contained the following spells:

 Spells                   Type           Power      Damage    Failure   Level
 Magic Dart               Conj           72%        1d6       1%          1
 Searing Ray              Conj           36%        2d5       2%          2
 Mephitic Cloud           Conj/Pois/Air  11%        N/A       14%         3
 Fulminant Prism          Conj/Hex       6%         3d6       36%         4
 Chain Lightning          Conj/Air       6%         3d8       100%        9
 Fire Storm               Conj/Fire      6%         8d2       100%        9
 Shatter                  Erth           4%         3d7*      100%        9


Dungeon Overview and Level Annotations

Branches:
Dungeon (5/15)             Temple (1/1) D:4         Ossuary (1/1)

Altars:
Ashenzari
Fedhas
Hepliaklqana
Okawaru
Qazlal
Zin

Shops:
D:5 =


Innate Abilities, Weirdness & Mutations

You have very sharp teeth.
Your uncanny sense of smell can sniff out nearby items.
Your experience applies equally to all skills.


Message History

The elf zombie hits you but does no damage.
The human zombie barely misses you.
You puncture the elf zombie!
The elf zombie is moderately damaged.
You puncture the elf zombie! You bite the elf zombie.
The elf zombie is heavily damaged.
You hit the elf zombie.
The elf zombie is severely damaged.
The elf zombie barely misses you.
The human zombie hits you but does no damage. x2
The elf zombie barely misses you. The elf zombie misses you.
You puncture the elf zombie!
The elf zombie is almost destroyed.
You closely miss the elf zombie. You bite the elf zombie.
The elf zombie is almost destroyed.
You impale the elf zombie!!
You destroy the elf zombie!
Okawaru accepts your kill. The human zombie completely misses you.
You hit the elf zombie.
The elf zombie is moderately damaged.
The human zombie hits you but does no damage.
The elf zombie misses you. The elf zombie hits you.
* * * LOW HITPOINT WARNING * * *
You barely miss the elf zombie.
The elf zombie is moderately damaged.
You puncture the elf zombie!
The elf zombie is heavily damaged.
The human zombie misses you.
You puncture the elf zombie!
The elf zombie is heavily damaged.
The human zombie hits you but does no damage. x2
The elf zombie hits you but does no damage.
The elf zombie barely misses you.
You puncture the elf zombie!
The elf zombie is severely damaged.
You impale the elf zombie!! You bite the elf zombie.
The elf zombie is almost destroyed.
The human zombie hits you.
You die...

.......∩.......
.......∩.......
...............
...............
...............
...............
.......Z.......
......ZZZ......
......Z@ZZ.....
.....#####.....
..... .....
..... .....
#### ####


You could see an adder zombie, an orc zombie, 2 elf zombies and 3 human zombies.

Vanquished Creatures
  A water moccasin (D:3)
  An ogre (D:4)
  An elf zombie (Ossuary)
  A phantom (D:5)
  A scorpion (D:5)
  An orc priest (D:5)
  Ijyb (D:4)
  An iguana (D:3)
  5 orc wizards
  Robin (D:4)
  6 adders
  3 worms
  3 dart slugs
  10 orcs
  4 bats
  6 endoplasms
  4 giant cockroaches
  15 goblins
  A hobgoblin (D:1)
  2 quokkas (D:3)
  2 ball pythons
  8 frilled lizards
  A jackal zombie (Ossuary)
  5 kobolds
  6 rats
  A rat zombie (Ossuary)
91 creatures vanquished.

Vanquished Creatures (others)
  81 foxfires
81 creatures vanquished.

Grand Total: 172 creatures vanquished

Notes
Turn   | Place    | Note
-------+----------+-------------------------------------------
     0 | D:1      | Almogavar the Gnoll Wanderer began the quest for the Orb.
     0 | D:1      | Almogavar set off with the following items: a +3 short
                  | sword, a scroll of fear, a +0 robe; and the following spell
                  | memorised: Foxfire; and the following spells available to
                  | memorise: Mephitic Cloud.
     0 | D:1      | Reached XP level 1. HP: 17/17 MP: 4/4
   133 | D:1      | Reached XP level 2. HP: 19/23 MP: 5/5
   589 | D:1      | Reached XP level 3. HP: 28/28 MP: 7/7
   885 | D:2      | Reached skill level 1 in Invocations
   995 | D:2      | Reached skill level 1 in Long Blades
   995 | D:2      | Reached skill level 1 in Axes
   995 | D:2      | Reached skill level 1 in Maces & Flails
   995 | D:2      | Reached skill level 1 in Polearms
   995 | D:2      | Reached skill level 1 in Staves
   995 | D:2      | Reached skill level 1 in Ranged Weapons
   995 | D:2      | Reached skill level 1 in Throwing
   995 | D:2      | Reached skill level 1 in Armour
   995 | D:2      | Reached skill level 1 in Stealth
   995 | D:2      | Reached skill level 1 in Shields
   995 | D:2      | Reached skill level 1 in Unarmed Combat
  1509 | D:2      | Identified a scroll of acquirement
  1512 | D:2      | Acquired the ring "Nadeq" {rElec rPois MP+9 Str+2 Dex+3}
  1629 | D:3      | Reached XP level 4. HP: 32/34 MP: 8/8
  1813 | D:3      | Reached skill level 1 in Hexes
  1813 | D:3      | Reached skill level 1 in Summonings
  1813 | D:3      | Reached skill level 1 in Necromancy
  1813 | D:3      | Reached skill level 1 in Translocations
  1813 | D:3      | Reached skill level 1 in Transmutations
  1813 | D:3      | Reached skill level 1 in Fire Magic
  1813 | D:3      | Reached skill level 1 in Ice Magic
  1813 | D:3      | Reached skill level 1 in Air Magic
  1813 | D:3      | Reached skill level 1 in Earth Magic
  1813 | D:3      | Reached skill level 1 in Poison Magic
  2365 | D:3      | Reached XP level 5. HP: 18/40 MP: 9/9
  2588 | D:4      | Found a staircase to the Ecumenical Temple.
  2594 | Temple   | Entered the Ecumenical Temple
  2599 | Temple   | Became a worshipper of Warmaster Okawaru
  2649 | D:4      | Identified the +1 pair of boots of the Endless Expanse
                  | {rPois rF- rC+++ MP+9}
  2799 | D:4      | Noticed Ijyb
  2800 | D:4      | Noticed Robin
  2807 | D:4      | Paralysed by Ijyb for 4 turns
  2822 | D:4      | Noticed a water moccasin
  2826 | D:4      | Noticed an ogre
  2982 | D:3      | Killed a water moccasin
  2983 | D:3      | Reached XP level 6. HP: 14/47 MP: 11/11
  3171 | D:4      | Killed Robin
  3279 | D:4      | Paralysed by Ijyb for 2 turns
  3292 | D:4      | Killed Ijyb
  3292 | D:4      | Reached * piety under Okawaru
  3477 | D:5      | Entered Level 5 of the Dungeon
  3477 | D:5      | Found Taraq's Jewellery Shoppe.
  3502 | D:5      | Identified the +6 rapier "Quyraen" {pain, rPois Str+3}
  3531 | D:5      | Reached skill level 7 in Short Blades
  3531 | D:5      | Reached XP level 7. HP: 48/52 MP: 12/12
  3940 | D:5      | Found a sand-covered staircase.
  3944 | Ossuary  | Entered an ossuary
  3973 | Ossuary  | HP: 2/53 [elf zombie (3)]
  3981 | Ossuary  | HP: 2/79 [elf zombie (3)]
  3986 | Ossuary  | Slain by a human zombie

Illustrated notes

Levels and vault maps discovered:
D:1:      saegor_arrival_under_anarchy, layout_basic, minmay_tetromino_t4
D:2:      layout_loops_ring
D:3:      layout_loops_ring
D:4:      layout_cave_pools, minmay_temple_entry_statues_pillars,
          nicolae_goblin_pals
D:5:      layout_loops_corners, lightli_ossuary_entry_decrepit_ruins,
          serial_shops, nicolae_shop_hallway_stairs, uniq_ijyb
Temple:   compressed_dpeg_triangle_lava_temple
Ossuary:  ossuary_minmay_tomb_2a

Skill      XL: |  1  2  3  4  5  6  7 |
---------------+----------------------+-----
Invocations    | 1 2 3 |  3.1
Long Blades    | 1 2 |  2.8
Axes           | 1 2 |  2.8
Maces & Flails | 1 2 |  2.8
Polearms       | 1 2 |  2.8
Staves         | 1 2 |  2.8
Ranged Weapons | 1 2 |  2.8
Throwing       | 1 2 |  2.8
Armour         | 1 2 |  2.8
Stealth        | 1 2 |  2.8
Shields        | 1 2 |  2.8
Unarmed Combat | 1 2 |  2.8
Spellcasting   | 3 4 |  4.0
Hexes          | 1 2 |  2.3
Summonings     | 1 2 |  2.3
Necromancy     | 1 2 |  2.3
Translocations | 1 2 |  2.3
Transmutations | 1 2 |  2.3
Fire Magic     | 1 2 |  2.3
Ice Magic      | 1 2 |  2.3
Air Magic      | 1 2 |  2.3
Earth Magic    | 1 2 |  2.3
Poison Magic   | 1 2 |  2.3
Fighting       | 3 |  3.9
Dodging        | 3 |  3.9
Evocations     | 3 |  3.9
Short Blades   | 7 |  7.2
Conjurations   | |  5.9

Action                     |  1- 3 |  4- 6 |  7- 9 || total
---------------------------+-------+-------+-------++-------
  Melee: Short sword       |    67 |   104 |       ||   171
         Bite              |     4 |    13 |    10 ||    27
         Rapier            |       |     5 |    63 ||    68
         Punch             |       |       |     1 ||     1
   Cast: Foxfire           |     8 |    36 |     2 ||    46
 Invoke: Heroism           |       |       |     1 ||     1
    Use: Scroll            |     5 |     7 |       ||    12
         Potion            |       |     1 |     4 ||     5
   Stab: Sleeping          |     4 |     1 |     1 ||     6
 Armour: Robe              |     7 |    21 |    25 ||    53
  Dodge: Dodged            |    26 |    61 |    56 ||   143
